[Event "Fagernes GM Open Autumn 2024"]
[Site "Fagernes"]
[Date "2024.10.12"]
[Round "8.6"]
[White "Kanyamarala, Tarun"]
[Black "Raja Rithvik R"]
[Result "0-1"]
[ECO "D37"]
[WhiteElo "2369"]
[BlackElo "2514"]
[Annotator "TA"]
[PlyCount "64"]
[EventDate "2024.10.03"]
[EventType "swiss"]
[EventCountry "NOR"]
[SourceTitle "playchess.com"]
[Source "ChessBase"]
[SourceQuality "1"]
[TimeControl "40/6000:2400+30"]

1. d4 d5 2. c4 e6 3. Nc3 h6 4. Nf3 Nf6 5. Bf4 Bd6 6. Bxd6 Qxd6 7. e3 O-O 8. c5 {[%emt 0:00:00] Weiß hat minimalen Vorteil.} Qe7 9. Be2 Nbd7 10. O-O c6 11. b4 Re8 12. Qc2 e5 13. Rfe1 e4 14. Nd2 Nh7 15. a4 Qg5 16. b5 Ndf6 17. a5 a6 18. bxc6 bxc6 19. Nf1 (19. Rab1 $16) 19... h5 $11 20. Kh1 Qh4 21. Bd1 (21. Qa4 $11 {hält das Gleichgewicht.}) 21... Ng5 $17 22. Rb1 Re6 (22... Bg4 $17 {[%cal Og4f3] Und ...Bf3! würde nun gewinnen.} 23. Kg1 Bf3 24. Bxf3 (24. gxf3 $2 exf3 25. Bxf3 Nxf3+ 26. Kg2 Qg4+ 27. Ng3 Nh4+ 28. Kf1 Qh3+ 29. Ke2 Ng4 $19) 24... exf3 25. gxf3 Nxf3+ 26. Kg2 Qg4+ (26... Nxe1+ $2 27. Rxe1 Rab8 28. h3 $19) 27. Ng3 Nh4+ (27... Nxe1+ $2 28. Rxe1 Rab8 29. h3 $19) 28. Kf1 Qh3+ 29. Ke2 Ng4 (29... Qxh2 30. Rh1 $11)) 23. Kg1 $2 (23. Ng3 $11 {und Weiss steht sicher.} Ng4 24. Bxg4 hxg4 25. Rg1 (25. Nf5 $2 Qh7 $19)) 23... Ng4 $1 $19 {[%emt 0:05:14] Droht stark ...Rg6.} 24. f4 {[%emt 0:02:02] [#] Und jetzt Bxg4 wäre schön.} exf3 $1 (24... Qxe1 $2 {verliert.} 25. Bxg4 (25. fxg5 $2 {geht unter.} Nxe3 26. Qf2 Qxc3 $19) 25... Qh4 26. Bxe6 Nxe6 27. Rb6 $16) 25. Bxf3 Rf6 26. Bxg4 hxg4 ({Schwächer ist} 26... Bxg4 27. Ng3 $15) (26... Qxg4 $19 27. Kh1 Bf5) 27. e4 ({Besser ist} 27. Ra1 $15) 27... dxe4 $17 {[%emt 0:00:53][%cal Oe4e3] Zielt auf ...e3! ab. Schwarz steht aktiver.} 28. d5 $2 {[%emt 0:00:42] [#]} (28. Qd2 $17) 28... e3 $1 $19 29. Nxe3 (29. Rxe3 Bf5) 29... g3 30. h3 {[%emt 0:00:00] [#]} (30. hxg3 $142 Qxg3 31. Ne4 Nxe4 32. Nf1 Rxf1+ 33. Kxf1 cxd5 34. Kg1) 30... Bxh3 $1 31. Rf1 {[%emt 0:01:06] [#]} (31. Rb4 Qxb4) 31... Bxg2 $1 32. Qxg2 Nh3+ {[%emt 0:00:00] Gewichteter Fehlerwert: Weiß=0.80/Schwarz=0.20 (präzise) .  Verlustzug:     	Weiß=2     	---        Gewinn verpasst:   	---       	Schwarz=1     Fehler:       	Weiß=4     	Schwarz=1     Ungenau:       	Weiß=4     	Schwarz=4     OK:         	Weiß=10    	Schwarz=7     Bester:       	---       	Schwarz=2     Stark:        	---       	Schwarz=2     Brilliant:      	---       	Schwarz=2} 0-1

[Event "Fagernes GM Open Autumn 2024"]
[Site "Fagernes"]
[Date "2024.10.12"]
[Round "8.7"]
[White "Hillarp Persson, Tiger"]
[Black "Kvaloy, Aksel Bu"]
[Result "0-1"]
[ECO "A07"]
[WhiteElo "2455"]
[BlackElo "2484"]
[Annotator "TA"]
[PlyCount "122"]
[EventDate "2024.10.03"]
[EventType "swiss"]
[EventCountry "NOR"]
[SourceTitle "playchess.com"]
[Source "ChessBase"]
[SourceQuality "1"]
[TimeControl "40/6000:2400+30"]

1. Nf3 d5 2. g3 Nf6 3. Bg2 c6 4. O-O Bg4 5. h3 Bh5 {[%emt 0:00:00] [#]} 6. c4 $1 e6 7. Qb3 Qb6 8. d4 {[%emt 0:00:21] The position is equal.} Be7 9. Nc3 O-O 10. Bf4 Nbd7 11. Rfe1 (11. c5 $11 Qa6 12. g4) 11... Bg6 (11... Bxf3 $1 $15 12. Bxf3 Qxd4) 12. Nd2 (12. c5 $11 Qxb3 13. axb3) 12... Nh5 13. Be3 f5 14. cxd5 Qxb3 15. Nxb3 exd5 16. Bd2 Bd6 17. e3 Nhf6 18. Ne2 Ne4 19. Nf4 Bf7 20. Nd3 Rfe8 21. Rec1 g5 22. Be1 Bg6 23. Bf1 Nf8 24. Kg2 {[%emt 0:03:35] [#]} (24. f4 $1 $11) 24... f4 $1 $17 25. gxf4 gxf4 26. exf4 ({Only move:} 26. Nxf4 $15 Bxf4 27. exf4) 26... Ne6 27. f3 Nf6 $36 {[%emt 0:00:23][%cal Og6d3][%mdl 2048] Black is really pushing. Black is much more active.} 28. Bd2 Nh5 {[%emt 0:01:06][%cal Og6d3] ...Bxd3! is the strong threat.} 29. Kf2 Nexf4 ({Much worse is} 29... Bxf4 $6 30. Nxf4 Nexf4 (30... Nhxf4 31. Rc3 $11) 31. Rc3 $11) 30. Nxf4 Nxf4 ({Resist} 30... Bxf4 31. Bxf4 Nxf4 32. Rc3 $15) 31. Nc5 Nh5 32. b4 (32. Nd7 $17) 32... Re7 33. b5 cxb5 34. Bxb5 a6 35. Bf1 Rf8 36. Rc3 Bg3+ 37. Kg1 {[%emt 0:00:00] [#]} Bf5 $1 38. Nd3 Bc7 39. Ne5 Ba5 $19 40. Rd1 (40. Rac1 $142) 40... Bxc3 41. Bxc3 Rc8 42. Bd2 Rc2 43. a4 Ra2 44. a5 Rc7 45. Kf2 Rcc2 46. Ke3 Ra3+ 47. Bd3 Bxd3 ({Weaker is} 47... Bxh3 48. Rh1 $14) 48. Nxd3 {[%emt 0:00:00] [#]} Nf4 $1 49. Kxf4 {[%emt 0:00:00] Threatens to win with Bb4.} (49. Rg1+ Kf7) 49... Rxd3 {[%emt 0:00:00][%mdl 4096] Endgame. KRR-KRB} 50. Rg1+ Kf7 51. Be3 Re2 52. Bc1 Kf6 53. Rg8 Rc3 (53... Rxd4+ $2 54. Kg3 $19) 54. Rg1 Rd3 55. Rg8 Rxd4+ 56. Kg3 Rd1 {[%emt 0:00:57] Hoping for ...Rg1+. Black is clearly winning.} 57. Rf8+ Kg7 58. Rc8 d4 59. Kf4 d3 {[%emt 0:02:00] White must now prevent ...Rc2.} 60. Be3 Rde1 61. Rc7+ Kf6 {[%emt 0:00:41] Weighted Error Value: White=0.32/Black=0.23 (precise) .  Mistake:       	White=7     	Black=1      Inaccurate:     	White=2     	---        OK:         	White=17    	Black=24     Best:        	White=4     	Black=2      Brilliant:      	---       	Black=1} 0-1

[Event "Fagernes GM Open Autumn 2024"]
[Site "Fagernes"]
[Date "2024.10.12"]
[Round "8.8"]
[White "Sorensen, Hampus"]
[Black "Carlsson, Ludvig"]
[Result "1-0"]
[ECO "D27"]
[WhiteElo "2423"]
[BlackElo "2334"]
[Annotator "TA"]
[PlyCount "119"]
[EventDate "2024.10.03"]
[EventType "swiss"]
[EventCountry "NOR"]
[SourceTitle "playchess.com"]
[Source "ChessBase"]
[SourceQuality "1"]
[TimeControl "40/6000:2400+30"]

1. d4 d5 2. c4 e6 3. Nf3 Nf6 4. Nc3 c5 5. e3 dxc4 6. Bxc4 a6 7. O-O b5 8. Be2 Bb7 9. dxc5 Bxc5 10. Qxd8+ Kxd8 11. Nd2 {[%emt 0:00:00] D27: Queen's Gambit Accepted: Classical main line: 7 e4!? and 7 a4.} Nbd7 12. Nb3 Ke7 13. Na5 Ra7 14. Nxb7 Rxb7 15. Bd2 Rd8 $146 ({Predecessor:} 15... Bd6 16. Rfd1 Rc7 17. Be1 Rb8 18. f3 b4 19. Na4 Nd5 20. Bf2 N5b6 21. Nxb6 Rxb6 {½-½ Navara,D (2693)-Erigaisi,A (2675) Sigeman & Co 27th 2022 (7)}) 16. Rfd1 Ne5 17. Be1 Rbd7 18. Rxd7+ Rxd7 19. Rd1 Rxd1 20. Nxd1 Nd5 21. Nc3 Nxc3 22. Bxc3 f6 23. Kf1 Nc6 24. a3 Bd6 25. f4 Bc5 26. Bd2 Kd6 27. Bd1 f5 28. Bc2 g6 29. Ke2 a5 30. Kd3 a4 31. Bd1 e5 32. e4 Bg1 33. h3 Bh2 34. exf5 gxf5 35. fxe5+ Bxe5 36. b3 b4 37. Bc1 $1 (37. Bxb4+ $2 Nxb4+ 38. Kd2 Bf4+ 39. Ke2 Bc1 40. bxa4 Nc6 $19 (40... Bxa3 $2 41. Kf3 $19)) (37. bxa4 bxa3 38. Bb3 Kc5 $11) (37. axb4 $2 a3 38. Bh5 a2 $19) 37... axb3 38. Bxb3 Na5 (38... bxa3 $14 39. Bxa3+ Kd7) 39. Bg8 $16 b3 (39... bxa3 $16 40. Bxa3+ Kd7 41. Bxh7 Ke6) 40. Bd2 $1 $18 b2 41. Kc2 $1 (41. Bxa5 b1=Q+ (41... b1=B+ 42. Ke3 $16) 42. Kc4 Qf1+ 43. Kb4 Kc6 (43... Qxg2 $2 44. Bc4 $19) 44. Bc4 Qb1+ (44... Qxg2 45. Bb5+ Kd6 46. Bc4 Qf3 47. Kb5 Qc6+ 48. Kb4 Qc5+ 49. Kb3 Qxa5 50. Kc2 Qc3+ 51. Kd1 Bf4 52. Ke2 Qe3+ 53. Kf1 Bg3 54. Kg2 Qf2+ 55. Kh1 Qh2#) 45. Bb3 Qe4+ 46. Bc4 Qc2 (46... Qxg2 47. Bb5+ Kd6 48. Bc4 Qf3 49. Bd8 Bc3+ 50. Kb3 Ba5+ 51. Ka4 Bxd8 52. Kb5 Qxa3 53. Be6 Kxe6 54. Kc4 Ba5 55. h4 Qb4+ 56. Kd3 Qe4#) (46... Qxg2 $2 47. Bb5+ Kd6 48. Bb6 $19)) 41... Nc6 42. Bxh7 Ne7 43. Bb4+ Ke6 44. a4 Nc6 45. Bg8+ Kf6 46. Ba3 Nd4+ 47. Kb1 ({Not} 47. Kxb2 Nb5+ 48. Kb3 Nxa3 $18) 47... Ne2 (47... Bb8 $142 48. a5 (48. Kxb2 Ke5 $18) (48. Bxb2 Ba7 $18) 48... Ba7 49. Bxb2 (49. Kxb2 Ke5 $18) 49... Ke5) 48. Bxb2 $18 Nc3+ 49. Bxc3 Bxc3 50. Kc2 Ba5 51. Kd3 Ke5 52. Kc4 Be1 53. Bd5 Kd6 54. Bf3 Ke5 55. Kb5 Kd6 56. a5 Bf2 57. a6 Kc7 58. h4 Kb8 59. h5 Be3 60. Kc6 1-0

[Event "Fagernes GM Open Autumn 2024"]
[Site "Fagernes"]
[Date "2024.10.12"]
[Round "8.9"]
[White "Oksendal, Martin"]
[Black "Sasikiran, Krishnan"]
[Result "1/2-1/2"]
[ECO "C97"]
[WhiteElo "2271"]
[BlackElo "2571"]
[Annotator "TA"]
[PlyCount "160"]
[EventDate "2024.10.03"]
[EventType "swiss"]
[EventCountry "NOR"]
[SourceTitle "playchess.com"]
[Source "ChessBase"]
[SourceQuality "1"]
[TimeControl "40/6000:2400+30"]

1. e4 e5 2. Nf3 Nc6 3. Bb5 a6 4. Ba4 Nf6 5. O-O Be7 6. Re1 b5 7. Bb3 d6 8. c3 O-O 9. h3 Na5 10. Bc2 c5 11. d4 Qc7 12. d5 Nc4 13. b3 {[%emt 0:00:00] C97: Closed Ruy Lopez: Chigorin Defence: 11 d4 Qc7, sidelines.} Nb6 14. a4 c4 $1 {[%emt 0:00:00][%mdl 4] is now more promising than 14...Bd7.} 15. bxc4 Bd7 16. axb5 axb5 17. Rxa8 Rxa8 18. cxb5 Bxb5 19. Bd3 Ba4 $146 ({Predecessor:} 19... Bxd3 20. Qxd3 Nfd7 21. Ba3 Qc4 22. Qd1 g6 23. Bb4 Ra1 24. Nfd2 Qa6 25. Nb3 Ra2 {½-½ Steiger,W (2300)-Morais,G (2328) W-ch34 prel02 email 2010}) 20. Qe2 Nfd7 21. Be3 Nc5 22. Nbd2 Bd7 23. Bb5 h6 24. Rb1 Nca4 25. Qd3 Nc5 26. Qe2 Nca4 27. Qd3 Nc5 $1 28. Bxc5 Qxc5 29. Bxd7 (29. c4 {feels hotter.} Ra3 30. Qf1 Bd8 31. Qd1) 29... Nxd7 30. Nb3 Qc7 31. c4 Ra2 32. Rc1 Qb6 33. c5 $1 Nxc5 34. Nxc5 dxc5 35. Rb1 (35. Nxe5 $2 Qb2 36. Qe3 Qxe5 $19) ({White should play} 35. Rf1 $1 $16) 35... Qa7 (35... c4 $11 36. Rxb6 (36. Qxc4 $2 Qxf2+ 37. Kh2 Qxg2#) 36... cxd3) 36. Qb5 (36. Nxe5 c4 37. Qg3 (37. Qxc4 $2 Qxf2+ 38. Kh2 Qxg2#) 37... Bd6 $17) (36. Rf1 $1 $14) 36... Bd6 $11 37. Nxe5 c4 38. Rf1 $1 (38. Nxc4 $2 Qxf2+ 39. Kh1 Qxg2#) 38... c3 39. Qe8+ Kh7 $1 40. Nxf7 $2 (40. Qc8 $11 c2 (40... Bxe5 41. Qf5+ Kh8 42. Qxe5 $11) 41. Nd3) 40... Bg3 $4 {[%emt 0:00:04][%mdl 8192] [#]} (40... c2 $1 $19 41. Nxd6 Ra1 (41... c1=Q $2 42. Qf8 $19)) 41. Qh8+ $1 $18 (41. e5 {gets mated.} Rxf2 (41... Bxf2+ $2 42. Kh1 $19)) 41... Kg6 {[%emt 0:00:41] [#]} 42. Ne5+ $1 Bxe5 43. Qe8+ Kh7 44. Qxe5 Qc5 45. Qf5+ Kg8 46. d6 Qc4 $2 (46... Qxf5 $16 47. exf5 Kf7) 47. d7 $18 Rd2 48. Rc1 $2 (48. Ra1 {White wants to mate with Ra8+.} Qc6 49. Ra7 (49. Rb1 Qd6 $18) 49... Rd1+ 50. Kh2 Qd6+ 51. e5) 48... Qc7 $18 49. Qe6+ $2 (49. Ra1 $18 {Intending Ra8+ and mate.} Qd8 50. Qe5 Rxd7 51. Qxc3) 49... Kh7 $16 50. Qf5+ (50. e5 $16 {Threatens to win with Qf5+.} Rxd7 51. Qf5+ Kg8 52. e6) 50... Kh8 $2 (50... Kg8 $1 $11 {and Black has nothing to worry.}) 51. e5 (51. Qf3 $18 {and White stays clearly on top.}) 51... Rxd7 $16 52. e6 Rd8 53. Qe4 Qc5 54. Qe3 (54. h4 $16) 54... Qxe3 $14 55. fxe3 Re8 56. Rxc3 Rxe6 57. Kf2 Kg8 58. Rc7 Rf6+ 59. Ke2 Rg6 60. Kf3 Rf6+ 61. Ke2 Rg6 62. g4 h5 63. Kf3 Rf6+ 64. Ke4 hxg4 65. hxg4 Rg6 66. Kf5 Rf6+ 67. Ke5 Rg6 68. Rc4 Kf7 69. Rf4+ Ke7 $2 (69... Kg8 $11 {and Black stays safe.}) 70. Kf5 $18 Rf6+ 71. Kg5 Ra6 72. Rb4 $2 (72. e4 $18 Rb6 73. e5) 72... Re6 73. e4 Kf7 74. Rb7+ Kg8 75. Kf5 Rf6+ 76. Ke5 Rg6 77. g5 Rxg5+ 78. Ke6 Rg6+ 79. Ke7 Rg5 80. Ke6 Rg6+ 1/2-1/2

[Event "Fagernes GM Open Autumn 2024"]
[Site "Fagernes"]
[Date "2024.10.12"]
[Round "8.10"]
[White "Mitusov, Semen"]
[Black "Fiskaaen, Martin Holten"]
[Result "1/2-1/2"]
[ECO "B94"]
[WhiteElo "2486"]
[BlackElo "2259"]
[Annotator "TA"]
[PlyCount "46"]
[EventDate "2024.10.03"]
[EventType "swiss"]
[EventCountry "NOR"]
[SourceTitle "playchess.com"]
[Source "ChessBase"]
[SourceQuality "1"]
[TimeControl "40/6000:2400+30"]

1. e4 c5 2. Nf3 d6 3. d4 cxd4 4. Nxd4 Nf6 5. Nc3 a6 6. Bg5 Nbd7 7. Bc4 Qb6 8. Qd2 Qxb2 9. Rb1 Qa3 {[%emt 0:00:36] Black is slightly better.} 10. O-O g6 (10... e6 $15) 11. Bd5 Bg7 12. Bxb7 Bxb7 13. Rxb7 O-O 14. Nc6 Nc5 {[%emt 0:16:33] Against Rb3} 15. Rxe7 Rac8 (15... Ne6 $11 {remains equal.} 16. Bh4 Qc5) 16. Nd4 {[%emt 0:05:38] White is more active.} (16. Bxf6 $16 Bxf6 17. Nd5) 16... Ne6 17. Nxe6 fxe6 18. Nb1 Qxa2 (18... Qc5 $1 $11 {keeps the balance.} 19. Rxg7+ (19. Rxe6 Qc4 $17) 19... Kxg7 20. Bh6+ Kg8 21. Bxf8 Kxf8) 19. Qxd6 $16 Nxe4 {[%emt 0:07:35] [#]} (19... Qc4 $16) 20. Qd7 $2 (20. Rxg7+ $1 $18 Kxg7 21. Qd7+ (21. Qd4+ Kg8 $18) 21... Rf7 (21... Kg8 22. Bh6 Qa1 23. c3) 22. Qd4+ (22. Qxc8 Nxg5 23. Qc3+ Kg8 $14) 22... Kg8 (22... Nf6 $2 23. Bxf6+ Kg8 24. Nd2 $18) 23. Qxe4) 20... Bf6 $11 {[%emt 0:03:25] The position is equal.} 21. Bxf6 Nxf6 22. Qxe6+ Qxe6 23. Rxe6 Rxc2 {[%emt 0:00:00] Weighted Error Value: White=0.25 (precise) /Black=0.35.  Missed win:     	White=1     	---        Mistake:       	White=1     	Black=4      Inaccurate:     	White=3     	Black=1      OK:         	White=4     	Black=5      Best:        	White=2     	Black=2} 1/2-1/2

[Event "Fagernes GM Open Autumn 2024"]
[Site "Fagernes"]
[Date "2024.10.12"]
[Round "8.11"]
[White "Bhagat Kush"]
[Black "Blomqvist, Erik"]
[Result "1/2-1/2"]
[ECO "C45"]
[WhiteElo "2245"]
[BlackElo "2483"]
[Annotator "RC"]
[PlyCount "131"]
[EventDate "2024.10.03"]
[EventType "swiss"]
[EventCountry "NOR"]
[SourceTitle "playchess.com"]
[Source "ChessBase"]
[SourceQuality "1"]
[TimeControl "40/6000:2400+30"]

1. e4 e5 2. Nf3 Nc6 3. d4 exd4 4. Nxd4 Nf6 5. Nxc6 bxc6 6. e5 Qe7 7. Qe2 Nd5 8. h4 Qe6 9. Nd2 a5 10. Nf3 Ba6 11. c4 Nb6 12. b3 Bb4+ 13. Bd2 O-O 14. Qe3 Bxd2+ 15. Qxd2 d6 16. Bd3 f5 17. Qe3 Rae8 18. Nd4 Qf7 19. e6 Qf6 20. O-O Bc8 21. Nxc6 Qxh4 22. Nd4 f4 23. Qh3 Qxh3 24. gxh3 c5 25. Nf3 Rxe6 26. h4 h6 27. Rfe1 Kf7 28. h5 Kf6 29. Bg6 Rd8 30. Rxe6+ Bxe6 31. Re1 Bf5 32. Nh4 Bxg6 33. Nxg6 Kg5 34. Re4 Kxh5 35. Nxf4+ Kg5 36. Ne6+ Kf5 37. Nxd8 Kxe4 38. Nb7 a4 39. Nxd6+ Kd4 40. Nf5+ Kc3 41. bxa4 Nxa4 42. Nxg7 Kxc4 43. f4 Kd4 44. Kf2 Ke4 45. Ke2 Nc3+ 46. Kd2 Nxa2 47. f5 Ke5 48. Kd3 Nb4+ 49. Kc4 Na6 50. Kb5 Kf6 51. Ne8+ Kxf5 52. Kxa6 Kf4 53. Nc7 c4 54. Kb5 c3 55. Nd5+ Kf3 56. Nxc3 h5 57. Nb1 h4 58. Nd2+ Kg2 59. Nc4 Kf2 60. Ne5 Kg3 61. Nc4 Kf2 62. Ne5 Kg3 63. Nc4 h3 64. Ne3 h2 65. Nf1+ Kg2 66. Nxh2 1/2-1/2

[Event "Fagernes GM Open Autumn 2024"]
[Site "Fagernes"]
[Date "2024.10.12"]
[Round "8.12"]
[White "Laddha, Shubh Jayesh"]
[Black "Oye-Stromberg, Alexander"]
[Result "1/2-1/2"]
[ECO "C77"]
[WhiteElo "2308"]
[BlackElo "2248"]
[Annotator "RC"]
[PlyCount "78"]
[EventDate "2024.10.03"]
[EventType "swiss"]
[EventCountry "NOR"]
[SourceTitle "playchess.com"]
[Source "ChessBase"]
[SourceQuality "1"]
[TimeControl "40/6000:2400+30"]

1. e4 e5 2. Nf3 Nc6 3. Bb5 a6 4. Ba4 Nf6 5. d3 b5 6. Bb3 Bc5 7. Nc3 h6 8. Nd5 d6 9. c3 Be6 10. Nxf6+ Qxf6 11. O-O Bxb3 12. axb3 O-O 13. b4 Bb6 14. Be3 Bxe3 15. fxe3 Qe6 16. Qe2 d5 17. exd5 Qxd5 18. e4 Qd6 19. Nh4 Ne7 20. Kh1 c5 21. bxc5 Qxc5 22. Qh5 Qd6 23. Rf3 a5 24. Raf1 b4 25. cxb4 axb4 26. Rxf7 Qxd3 27. Rxg7+ Kxg7 28. Qxe5+ Kg8 29. Qe6+ Kh8 30. Qxh6+ Kg8 31. Qg5+ Kh8 32. Qe5+ Kg8 33. Qe6+ Kh8 34. Qh6+ Kg8 35. Qg5+ Kh8 36. Qh5+ Kg7 37. Qg5+ Kh8 38. Qh6+ Kg8 39. Qg5+ Kh8 1/2-1/2

[Event "Fagernes GM Open Autumn 2024"]
[Site "Fagernes"]
[Date "2024.10.12"]
[Round "8.13"]
[White "Hansen, Torbjorn Ringdal"]
[Black "Wallace, John Paul"]
[Result "1-0"]
[ECO "C03"]
[WhiteElo "2415"]
[BlackElo "2373"]
[Annotator "TA"]
[PlyCount "125"]
[EventDate "2024.10.03"]
[EventType "swiss"]
[EventCountry "NOR"]
[SourceTitle "playchess.com"]
[Source "ChessBase"]
[SourceQuality "1"]
[TimeControl "40/6000:2400+30"]

1. e4 e6 2. d4 d5 3. Nd2 Be7 4. e5 c5 5. c3 Nc6 6. Bd3 Bd7 7. Ndf3 f6 8. Nh3 {[%emt 0:11:01] White is slightly better.} Qb6 9. O-O fxe5 10. dxe5 Nh6 11. Nhg5 Bxg5 12. Bxg5 Nf7 13. Be3 {[%emt 0:07:51][%cal Ob2b4] A strong pair of Bishops.} Qxb2 14. Bxc5 {[%emt 0:02:09] Black must now prevent Rc1.} b6 $1 15. Bd4 Rc8 16. a4 $1 Nfd8 (16... Nxd4 $16 17. cxd4 O-O) 17. Rb1 (17. Ng5 $1 $18) 17... Qa3 $16 18. Bb5 (18. Be3 $16) 18... Na5 19. Ng5 $36 {[%emt 0:03:00][%cal Og5e4][%mdl 2048] White is more active.} Bxb5 20. axb5 Qe7 21. f4 g6 22. Qg4 Kd7 23. Ra1 Nf7 $2 {[%emt 0:05:39][%mdl 8192] [#]} (23... Rc7 $11) 24. Nxe6 $1 $18 Qxe6 25. f5 gxf5 26. Rxf5 Rcf8 27. Qf4 $2 (27. Raf1 $1 $18 Kc8 28. Qh5) 27... Ke8 (27... Rhg8 $11 28. Qf1 Ke8) 28. Rf6 Qe7 29. Rf1 Nd8 30. Qf3 Nb3 (30... Rhg8 $142 31. Qh5+ (31. Qxd5 Rf7 $11) 31... Kd7 32. e6+ Kc8 33. Rxf8 (33. Qxd5 Nxe6 34. Rxe6 Rxf1+ 35. Kxf1 Qb7 $18) 33... Rxf8) 31. Qh5+ (31. Qxd5 Nxd4 32. Qxd4 (32. cxd4 Rxf6 33. Rxf6 Rf8 $11) 32... Qc5 $11) 31... Kd7 {[%emt 0:00:00] [#]} 32. e6+ $1 Kc8 (32... Kc7 33. Rxf8) 33. Qxd5 {[%emt 0:04:07] Threatening mate with Qa8+.} Nxd4 34. Qa8+ Kc7 35. cxd4 $2 (35. Qxa7+ Nb7 36. cxd4 Qxf6 37. Rc1+ (37. Rxf6 Rxf6 38. Qa3 Rg6 $16) 37... Kd6 38. Qxb6+ (38. Qxb7 $2 Qf2+ 39. Kh1 Qf1+ 40. Rxf1 Rxf1#) 38... Kd5 39. Qxb7+ Kxe6 40. Rc6+ Kf5 41. Qd7+ (41. Rxf6+ Kxf6 42. Qc6+ Kg7 $18) 41... Ke4 42. Rxf6 Rxf6 43. Qe7+ Kf5 44. h4) 35... Qa3 (35... Rxf6 $2 36. Rc1+ $18) 36. Qe4 {[%emt 0:01:15] Wards off Qe3+} (36. e7 $1 $18 Rxf6 37. Rxf6 Qe3+ 38. Rf2 Qxd4 39. g3 (39. exd8=B+ Rxd8 40. Qxa7+ Kd6 $18) (39. exd8=N Re8 $18) (39. Qxa7+ $2 Nb7 $19)) 36... Rxf6 $11 37. Rxf6 Re8 38. Rf7+ Re7 $1 (38... Nxf7 39. Qc6+ Kb8 40. Qxe8+ Kc7 41. Qxf7+ (41. exf7 Qa1+ 42. Kf2 Qxd4+ 43. Kg3 Qd6+ 44. Kg4 Qg6+ 45. Kf4 Qh6+ 46. Ke4 Qg6+ 47. Kd4 Qd6+ 48. Ke3 Qc5+ 49. Ke4 Qc2+ 50. Ke5 Qe2+ 51. Kf6 Qf2+ 52. Kg7 Qd4+ 53. Kg8 Qg4+ 54. Kf8 h5 $18) 41... Kb8 42. Qe8+ (42. Qxh7 Qa1+ 43. Kf2 Qxd4+ 44. Ke2 Qb2+ 45. Kf3 Qc3+ 46. Kg4 Qc4+ 47. Kh5 Qxe6 $11) 42... Kb7 43. Qd7+ Kb8 44. e7 (44. Qxh7 Qa1+ 45. Kf2 Qxd4+ 46. Ke2 Qe5+ 47. Kf3 Qxe6 $11)) 39. Qe5+ Kc8 40. Rxe7 (40. Rf8 $11 Rc7 41. Rf1) 40... Qxe7 $17 41. d5 Qc5+ 42. Kf1 Qxb5+ 43. Kf2 Qc5+ 44. Kf3 Qe7 45. g4 a5 46. g5 {[%emt 0:09:56] [#]} Nb7 ({Black should play} 46... a4 $1 $17 {[%cal Ra4a3] aiming for ...a3.} 47. Qc3+ Qc5) 47. h4 $1 $11 a4 48. h5 $1 Qa3+ 49. Kg4 Qb4+ 50. Kf5 $2 (50. Kh3 $11 Qd6 51. Qh8+ Nd8 52. Qc3+ Kb7 53. Qg7+ Ka6 54. e7 Qa3+ 55. Kg2 Qa2+ 56. Kg3 Qb3+ (56... Qxd5 $2 57. e8=Q $18) 57. Kf2 (57. Kf4 Qxd5 58. e8=Q Ne6+ $11) 57... Qa2+ (57... Qxd5 $2 58. e8=Q $18) (57... Qc2+ 58. Ke3 $11) 58. Ke3 Qb3+ 59. Kf2 Qc2+ (59... Qxd5 $2 60. e8=Q $18) 60. Ke3 Qc1+ 61. Ke2 Qc4+ 62. Ke3 Qc1+ (62... Qxd5 $2 63. e8=Q $18) 63. Ke2 Qc4+ 64. Ke3 Qc5+ (64... Qxd5 $2 65. e8=Q $18) 65. Ke2 Qc4+ (65... Qxd5 $2 66. e8=Q $18)) 50... Nd6+ $19 51. Kf6 Kd8 $2 (51... a3 $19 52. g6 hxg6) 52. Kg7 a3 53. Qf6+ (53. Kxh7 Qe4+ 54. Qxe4 Nxe4 55. g6 a2 56. g7 Nf6+ (56... a1=B $2 57. g8=Q+ Kc7 58. Kg6 $18) 57. Kg6 a1=Q (57... a1=B $2 58. h6 $18) 58. d6 Qe5 59. h6 Qxe6 60. Kg5 Qxd6 (60... Ne4+ 61. Kf4 Qxh6+ 62. Kxe4 Qxg7 63. Ke3 Qc3+ 64. Ke4 b5 65. Kf5 b4 66. Kg6 b3 67. Kf7 b2 68. Kg6 b1=Q+ 69. Kf7 Qf5+ 70. Kg8 Qg6+ 71. Kf8 Qh8#) 61. Kf5 Ke7 62. g8=N+ Nxg8 63. h7 Nf6 64. h8=Q Qc5+ (64... Qe6+ $2 65. Kf4 $19) 65. Kg6 Qg1+ 66. Kh6 Qe3+ 67. Kg6 Qg3+ (67... Qe4+ 68. Kh6 Qf4+ 69. Kg6 Qg4+ 70. Kh6 Qh5+ 71. Kg7 Qg5#) 68. Kh6 Qh4+ 69. Kg6 Qg4+ (69... Qxh8 70. Kg5 Qh2 71. Kf5 Qh4 72. Kg6 Qh5+ 73. Kg7 Qh7#) 70. Kh6 Qh5+ 71. Kg7 Qg5#) (53. e7+ $2 Ke8 54. Kg8 (54. Kxh7 $2 Qe4+ 55. Qxe4 Nxe4 $19) 54... Nc8 $19) (53. Kg8 $11 a2 54. e7+ Kd7 55. Qe6+ Kc7 56. e8=Q Nxe8 (56... a1=B 57. Q6e7#) 57. Qc6+ Kd8 58. Qa8+ Kd7 59. Qxa2) 53... Kc7 $2 (53... Kc8 $19 {has better winning chances. ( -> ...Ne8+)} 54. Kxh7 a2) 54. Kxh7 $17 {[%emt 0:05:06] [#] Strongly threatening g6.} (54. Qe7+ $2 Kb8 55. Kxh7 a2 $19) 54... a2 $2 ({Better is} 54... Nc8 $1 $17 {...a2 would now be deadly.} 55. g6 Ne7) 55. g6 $11 {[%emt 0:00:35] And now g7 would win. Chess con chili.} Nf5 56. Qxf5 {[%emt 0:01:33] White mates.} a1=Q 57. Qf7+ Kd6 58. Qf8+ Kxd5 59. Qxb4 Qa7+ 60. g7 Kxe6 61. Kh6 Kf6 62. Qf4+ Ke7 63. g8=Q {[%emt 0:00:17] Quite a comeback for White.   Weighted Error Value: White=0.48/Black=0.28 (precise) .  Loses game:     	White=2     	Black=3      Missed win:     	White=1     	Black=1      Mistake:       	White=3     	Black=3      Inaccurate:     	---       	Black=2      OK:         	White=9     	Black=13     Best:        	White=10    	Black=7      Strong:       	White=3     	Black=2      Brilliant:      	White=1     	---} 1-0